 Dungeon Crawl Stone Soup version 0.25-a0-834-g55863b0b92 (webtiles) character file.

Game seed: 14519974551617764273, levelgen mode: deterministic

214635 Flugkiller the Sharpshooter (level 18, -4/89 HPs)
             Began as a Deep Elf Wanderer on Apr 23, 2020.
             Was a Follower of Uskayaw.
             Engulfed by a green draconian's poison gas (8 damage)
             ... while paralysed by an apocalypse crab
             ... on level 3 of the Abyss.
             The game lasted 02:53:04 (48020 turns).

Flugkiller the Sharpshooter (Deep Elf Wanderer)    Turns: 48020, Time: 02:53:05

Health: -4/89      AC: 13    Str:  9      XL:     18   Next: 30%
Magic:  25/33      EV: -1    Int: 22 (23) God:    Uskayaw [*.....]
Gold:   1766       SH:  0    Dex: 17 (19) Spells: 20/35 levels left

rFire    . . .     SeeInvis .   a - +2 rapier (venom)
rCold    . . .     Gourm    .   (no shield)
rNeg     . . .     Faith    .   N - +2 robe {MR+}
rPois    .         Spirit   .   E - +2 hat
rElec    .         Reflect  .   m - scarf {repulsion}
rCorr    .         Harm     .   e - +0 pair of gloves
MR       ++...     Rnd*Rage +   T - +2 pair of boots
Stlth    ++++......             K - amulet of regeneration
HPRegen  0.64/turn              j - +2 ring of evasion
MPRegen  0.23/turn              Z - +3 ring of protection

@: paralysed, agile, lethally poisoned (-4 -> -7), very slightly contaminated,
constricted, studying Armour, invisible, repel missiles
A: horns 1, [berserk 3], [blurry vision 2], clever 1, [deterioration 2], [frail
2], [screaming 3], [subdued magic 2]
}: 1/15 runes: serpentine
a: Stomp, Renounce Religion


You were on level 3 of the Abyss.
You worshipped Uskayaw.
Uskayaw was pleased with you.
You were not hungry.

You visited 5 branches of the dungeon, and saw 30 of its levels.
You visited the Abyss 1 time.
You also visited: Ice Cave.

You collected 3238 gold pieces.
You spent 1472 gold pieces at shops.

Inventory:

Hand Weapons
 a - a +2 rapier of venom (weapon)
   (You bought it in a shop on level 2 of the Orcish Mines)
 b - the +9 heavy crossbow "Sniper" {vorpal, Acc+∞ SInv}
   (You found it on level 3 of the Lair of Beasts)

   Any bolt fired from it inflicts extra damage.
   It lets you see invisible.
 J - a +1 short sword of speed
   (You found it on level 2 of the Abyss)
Missiles
 o - 454 bolts
 y - 77 poisoned darts (quivered)
 S - 5 throwing nets
Armour
 e - a +0 pair of gloves (worn)
   (You found it on level 2 of the Snake Pit)
 m - a scarf of repulsion (worn)
   (You found it on level 14 of the Dungeon)
 E - a +2 hat (worn)
   (You found it on level 5 of the Dungeon)
 N - a +2 robe of magic resistance (worn)
   (You took it off an orc sorcerer on level 2 of the Orcish Mines)
 R - +0 acid dragon scales
   (You found it on level 15 of the Dungeon)
 T - a +2 pair of boots (worn)
   (You found it on level 11 of the Dungeon)
Jewellery
 j - a +2 ring of evasion (left hand)
   (You found it on level 1 of the Dungeon)
 q - an uncursed ring of protection from fire
   (You took it off a kobold on level 2 of the Dungeon)
 K - an amulet of regeneration (around neck)
   (You found it on level 5 of the Dungeon)
 Q - an uncursed ring of protection from fire
   (You found it on level 2 of the Lair of Beasts)
 Z - a +3 ring of protection (right hand)
   (You found it on level 2 of the Lair of Beasts)
Wands
 h - a wand of acid (8)
   (You found it on level 2 of the Elven Halls)
 r - a wand of polymorph (22)
   (You found it on level 3 of the Lair of Beasts)
 u - a wand of enslavement (9)
   (You found it on level 3 of the Elven Halls)
 x - a wand of digging (8)
   (You took it off a naga sharpshooter on level 4 of the Snake Pit)
 B - a wand of flame (32)
   (You took it off an orc on level 15 of the Dungeon)
 D - a wand of disintegration (12)
   (You found it on level 13 of the Dungeon)
 H - a wand of paralysis (24)
   (You found it on level 4 of the Lair of Beasts)
 U - a wand of clouds (6)
   (You found it on level 1 of the Snake Pit)
 X - a wand of scattershot (2)
   (You took it off a deep elf mage on level 3 of the Elven Halls)
Scrolls
 c - 5 scrolls of teleportation
 i - 4 scrolls of blinking
 k - a scroll of fear
 l - a scroll of identify
 n - 16 scrolls of remove curse
 w - 3 scrolls of fog
 z - 3 scrolls of magic mapping
 G - 3 scrolls of vulnerability
 L - 3 scrolls of immolation
 W - 2 scrolls of holy word
Potions
 d - 2 potions of curing
 g - 6 potions of might
 p - a potion of magic
 s - 3 potions of ambrosia
 t - 5 potions of stabbing
 v - a potion of brilliance
 A - 3 potions of lignification
 C - a potion of resistance
 F - 3 potions of haste
 I - a potion of cancellation
 M - 2 potions of invisibility
 V - 2 potions of mutation
 Y - 4 potions of berserk rage
Books
 O - a manual of Armour
   (You found it on level 5 of the Dungeon)
Miscellaneous
 P - a lightning rod (4/4)
   (You found it on level 2 of the Lair of Beasts)
Comestibles
 f - 26 rations


   Skills:
 - Level 12.0 Fighting
 - Level 10.0 Short Blades
 + Level 16.7 Crossbows
 - Level 1.0 Throwing
 - Level 4.0 Armour
 - Level 15.0 Dodging
 - Level 8.0 Stealth
   Level 4.0 Shields
 - Level 2.4 Unarmed Combat
 - Level 9.0 Spellcasting
 - Level 8.0 Necromancy
 - Level 0.8 Transmutations
 - Level 7.7 Earth Magic
 - Level 12.0 Invocations
 - Level 6.0 Evocations


You had 20 spell levels left.
You knew the following spells:

 Your Spells              Type           Power        Failure   Level  Hunger
a - Statue Form           Tmut/Erth      ###......    82%         6    ######.
b - Leda's Liquefaction   Hex/Erth       ###.......   10%         4    ##.....
c - Borgnjor's Vile Clut  Necr/Erth      ####......   4%          5    #####..

Your spell library contained the following spells:

 Spells                   Type           Power        Failure   Level  Hunger
 Animate Skeleton         Necr           N/A          1%          1    None
 Pain                     Necr           ####         1%          1    None
 Vampiric Draining        Necr           ####......   1%          3    None
 Animate Dead             Necr           N/A          1%          4    ##.....
 Apportation              Tloc           #.....       4%          1    None
 Corona                   Hex            #......      4%          1    None
 Shock                    Conj/Air       #...         4%          1    None
 Summon Butterflies       Summ           #.......     4%          1    None
 Summon Small Mammal      Summ           #...         4%          1    None
 Agony                    Necr           ####....     4%          5    #####..
 Swiftness                Chrm/Air       #.......     6%          2    None
 Call Canine Familiar     Summ           #.......     14%         3    None
 Recall                   Summ/Tloc      N/A          14%         3    None
 Static Discharge         Conj/Air       #.......     14%         3    None
 Death Channel            Necr           ####......   28%         6    ######.
 Airstrike                Air            #.........   45%         4    ##.....
 Summon Lightning Spire   Summ/Air       #.......     45%         4    ##.....
 Bolt of Magma            Conj/Fire/Erth ##........   45%         5    #####..
 Lightning Bolt           Conj/Air       #.........   83%         5    #####..
 Simulacrum               Ice/Necr       ###.......   85%         6    ######.
 Iron Shot                Conj/Erth      ###.......   87%         6    ######.
 Shatter                  Erth           ####......   100%        9    #######


Dungeon Overview and Level Annotations

Branches:
Dungeon (15/15)            Temple (0/1) D:5            Lair (6/6) D:10
 Shoals (0/4) Lair:2        Snake (4/4) Lair:2        Slime (0/5) Lair:6
    Orc (2/2) D:9             Elf (3/3) Orc:2        Vaults (0/5) D:14
 Depths (0/5) D:15          IceCv (visited)

Altars:
Ashenzari
Cheibriados
Dithmenos
Elyvilon
Fedhas
Hepliaklqana
Makhleb
Nemelex Xobeh
Sif Muna
Trog
Uskayaw
Vehumet
Wu Jian
Xom
Yredelemnul
The Shining One
Beogh
Jiyva

Shops:
Orc:2 (*[:   Elf:1 *   Snake:1 (

Portals:
Bazaar: D:15

Annotations:
D:3 1 runed translucent door, Esekla's ghost, amateur BaWr
D:4 exclusions: howler monkey and ogre, Sigmund
D:5 exclusion: statue
D:7 2 transporters, Menkaure; kae's ghost, novice DrTm
D:8 2 transporters, MisterFreud's ghost, novice GnVM
D:9 Erolcha
D:12 Rupert
Lair:3 1 runed translucent door, exclusion: 3 oklob plants
Lair:6 2 runed translucent doors
Snake:2 Jorgrun
Snake:4 Vashnia
Orc:1 2 transporters, DogServant's ghost, journeyman SpAs
Elf:2 6 runed translucent doors, Neulin's ghost, veteran TrFi


Innate Abilities, Weirdness & Mutations

You have a pair of small horns on your head.
Your mind is acute. (Int +2)
[You have an uncontrollable temper.]
[Scrolls take you longer to read.]
[Your body often deteriorates upon taking damage.]
[You are very frail. (-20% HP)]
[You frequently scream uncontrollably at your foes.]
[Your spells are easier to cast, but less powerful.]


Message History

The apocalypse crab bites you but does no damage.
The apocalypse crab claws you but does no damage.
The wretched star pulses with an eldritch light!
You feel extremely angry at everything! The starspawn tentacle constricts you.
You can no longer pass through a line of other dancers.
The green draconian roars!
The tentacled starspawn bites you but does no damage.
The tentacled starspawn engulfs you!
The apocalypse crab bites you but does no damage.
The apocalypse crab claws you but does no damage.
The starspawn tentacle constricts you.
The tentacled starspawn completely misses you.
The tentacled starspawn engulfs you! The apocalypse crab bites you.
The apocalypse crab freezes you!
* * * LOW HITPOINT WARNING * * *
The apocalypse crab claws you but does no damage.
The green draconian breathes poison at you.
The blast of poison engulfs the wretched star.
The wretched star completely resists.
* * * LOW HITPOINT WARNING * * *
The starspawn tentacle constricts you. The tentacled starspawn bites you!!
* * * LOW HITPOINT WARNING * * *
Your body deteriorates!
You feel clumsy. The tentacled starspawn engulfs you!!
* * * LOW HITPOINT WARNING * * *
Your body deteriorates!
You feel dopey.
The apocalypse crab is engulfed in poison gas.
The apocalypse crab is poisoned.
The apocalypse crab bites you!
* * * LOW HITPOINT WARNING * * *
You fade into invisibility!
You are very lightly contaminated with residual magic.
The apocalypse crab claws you but does no damage.
The wretched star pulses with an eldritch light!
Your connection to magic feels subdued.
Your connection to magic feels more subdued.
* * * LOW HITPOINT WARNING * * *
The starspawn tentacle constricts you. The tentacled starspawn bites you!!
* * * LOW HITPOINT WARNING * * *
The tentacled starspawn completely misses you.
The apocalypse crab is engulfed in poison gas.
The apocalypse crab looks even sicker.
The apocalypse crab bites you but does no damage.
The apocalypse crab claws you.
* * * LOW HITPOINT WARNING * * *
You suddenly lose the ability to move!
The starspawn tentacle constricts you.
You are poisoned.
You die...

.##.........#. .
#.... ....... .
# ..... .. ....
#☼.#...†. . ...
. #○..# .. .....
##○. .... ##☼°##
# #..... #.○○✱##
# ......
#..§@t##(.......
##○wwX○.........
##.Vx........ .
##........ ..
############


You could see a tentacled starspawn, a wretched star, an apocalypse crab, a
small abomination and 2 starspawn tentacles.

Vanquished Creatures
  A tentacled starspawn (Abyss:3)
  Kirke (Lair:4)
  10 nagarajas
  Donald (Elf:1)
  2 orc warlords
  A frost giant (D:14)
  2 deep elf elementalists
  Louise (Elf:1)
  A dire elephant (D:15)
  A deep elf death mage (Elf:3)
  2 deep elf high priests
  10 hydras
  9 naga warriors
  Harold (D:7)
  Erica (D:8)
  3 centaur warriors
  2 ogre magi
  A queen ant (Lair:3)
  9 anacondas
  2 tengu warriors
  14 two-headed ogres
  12 dancing weapons
  2 death yaks (Lair:6)
  A thrashing horror (Abyss:3)
  13 naga sharpshooters
  4 orc high priests
  9 deep elf knights
  4 shock serpents
  A wretched star (Abyss:3)
  7 salamander mystics
  A sixfirhy (Abyss:3)
  An unseen horror (D:10)
  A lindwurm (Lair:6)
  8 naga ritualists
  11 deep elf archers
  6 orc knights
  2 large abominations (Abyss:3)
  6 mana vipers
  27 ugly things
  37 deep elf magi
  9 orc sorcerers
  2 manticores
  18 salamanders
  7 cyclopes
  A merfolk siren (Lair:2)
  3 ice statues (IceCv)
  36 black mambas
  20 naga magi
  9 guardian serpents
  3 molten gargoyles (Lair:6)
  2 torpor snails
  An eye of devastation (Snake:4)
  Maggie (D:6)
  A gargoyle (D:12)
  A smoke demon (Abyss:3)
  12 spiny frogs
  2 kobold demonologists
  7 komodo dragons
  A demonic crawler (Abyss:3)
  3 rime drakes
  A merfolk (D:10)
  5 trolls
  Prince Ribbit (D:8)
  6 meliai
  5 blink frogs (Lair:3)
  3 raiju (Abyss:3)
  7 slime creatures
  7 dream sheep (Lair:4)
  8 hippogriffs
  3 air elementals
  A spriggan (shapeshifter) (D:15)
  5 hogs (Lair:4)
  10 wyverns
  6 wraiths
  23 yaks
  3 hungry ghosts
  4 water elementals
  3 fire elementals
  4 basilisks
  A steam dragon (Lair:6)
  3 vampire mosquitoes (D:9)
  Edmund (D:6)
  53 nagas
  2 wargs
  2 acid dragons
  7 soldier ants
  9 porcupines
  3 hell hounds (Lair:6)
  5 black bears
  19 ice beasts
  11 water moccasins
  39 orc warriors
  A sky beast (D:5)
  3 phantoms
  A necrophage (D:9)
  10 wolves
  15 crocodiles
  7 centaurs
  15 ogres
  Blork the orc (D:6)
  2 big kobolds
  32 bullfrogs
  A gnoll sergeant (D:5)
  An earth elemental (Elf:1)
  2 scorpions
  A water moccasin skeleton (D:5)
  12 killer bees
  4 howler monkeys
  5 lava snakes (Lair:6)
  2 quasits
  3 centaur zombies
  4 crimson imps
  A bullfrog zombie (D:7)
  9 hounds
  2 gnoll shamans
  21 orc priests
  2 centaur skeletons
  2 jellies
  6 bullfrog skeletons
  14 orc wizards
  5 iguanas
  24 worker ants
  A worker ant zombie (D:6)
  11 adders
  14 gnolls
  A howler monkey skeleton (D:5)
  4 shadow imps
  3 oozes
  An adder skeleton (D:5)
  4 worms
  4 leopard geckos
  54 orcs
  10 bats
  3 giant cockroaches
  6 goblins
  5 hobgoblins
  4 jackals
  21 kobolds
  A quokka (D:3)
  3 ball pythons
  A ball python zombie (D:5)
  6 frilled lizards
  A leopard gecko skeleton (D:7)
  A quokka skeleton (D:6)
  15 rats
  A starspawn tentacle (Abyss:3)
1010 creatures vanquished.

Vanquished Creatures (others)
  2 hell hounds (Lair:6)
  An orc (D:12)
  2 bushes (D:15)
  16 fungi
  24 plants
  4 starspawn tentacles (Abyss:3)
  8 toadstools (Lair:3)
57 creatures vanquished.

Grand Total: 1067 creatures vanquished

Notes
Turn   | Place    | Note
-------+----------+-------------------------------------------
     0 | D:1      | Flugkiller the Deep Elf Wanderer began the quest for the
                  | Orb.
     0 | D:1      | Flugkiller set off with the following items: a +2 dagger, a
                  | scroll of blinking, a scroll of teleportation, a potion of
                  | curing, a +0 robe, a ration
     0 | D:1      | Reached XP level 1. HP: 12/12 MP: 3/3
   347 | D:1      | Reached XP level 2. HP: 11/17 MP: 4/4
  1933 | D:2      | Reached XP level 3. HP: 22/22 MP: 5/5
  2100 | D:2      | Found a faded altar of an unknown god.
  2300 | D:2      | Found a bloodstained altar of Trog.
  3670 | D:3      | Found a hide-covered altar of Uskayaw.
  3681 | D:3      | Became a worshipper of Uskayaw the Reveler
  3686 | D:3      | Reached XP level 4. HP: 28/28 MP: 6/6
  3842 | D:3      | Reached * piety under Uskayaw
  3893 | D:3      | Found a runed translucent door.
  3947 | D:3      | Found a snail-covered altar of Cheibriados.
  4327 | D:3      | Reached ** piety under Uskayaw
  4592 | D:3      | Noticed Esekla's ghost (amateur BaWr)
  5428 | D:4      | Found a shattered altar of Ashenzari.
  5467 | D:4      | Reached XP level 5. HP: 32/32 MP: 7/7
  5501 | D:4      | Noticed an ogre
  5697 | D:4      | Killed an ogre
  5697 | D:4      | Reached skill level 5 in Stealth
  5697 | D:4      | Reached skill level 1 in Short Blades
  5697 | D:4      | Reached *** piety under Uskayaw
  5736 | D:4      | Noticed an ogre
  5853 | D:4      | Noticed Sigmund
  5914 | D:4      | Found a shadowy altar of Dithmenos.
  5944 | D:4      | Reached skill level 1 in Invocations
  5956 | D:3      | Reached XP level 6. HP: 19/37 MP: 8/8
  6208 | D:4      | Found an ornate altar of the Wu Jian Council.
  6372 | D:4      | Found a blossoming altar of Fedhas.
  6672 | D:4      | Found a sparkling altar of Nemelex Xobeh.
  6913 | D:5      | Entered Level 5 of the Dungeon
  7289 | D:5      | Found a glowing golden altar of the Shining One.
  7397 | D:5      | Noticed an ice beast
  7431 | D:5      | Found a hazy altar of Hepliaklqana.
  7516 | D:5      | Found a staircase to the Ecumenical Temple.
  7594 | D:5      | Noticed a sky beast
  7597 | D:5      | Killed a sky beast
  7690 | D:5      | Reached XP level 7. HP: 35/41 MP: 11/11
  8303 | D:5      | Found a radiant altar of Vehumet.
  9121 | D:5      | Reached skill level 5 in Short Blades
  9403 | D:5      | Reached XP level 8. HP: 36/48 MP: 8/12
  9752 | D:6      | Reached **** piety under Uskayaw
  9933 | D:6      | Noticed Blork the orc
  9949 | D:6      | Killed Blork the orc
  9949 | D:6      | Reached skill level 5 in Fighting
 10097 | D:6      | Noticed Maggie
 10132 | D:6      | Killed Maggie
 10339 | D:6      | Reached XP level 9. HP: 33/55 MP: 13/13
 10382 | D:6      | Noticed Edmund
 10422 | D:6      | Killed Edmund
 10523 | D:6      | Found a stormy altar of Qazlal.
 10525 | D:6      | Found a shimmering blue altar of Sif Muna.
 10525 | D:6      | Found a shimmering altar of Xom.
 10527 | D:6      | Found a shattered altar of Ashenzari.
 10527 | D:6      | Found a shimmering altar of Xom.
 10527 | D:6      | Found a shimmering altar of Xom.
 10536 | D:6      | Reached skill level 5 in Dodging
 10728 | D:7      | Noticed Menkaure
 10790 | D:7      | Noticed Harold
 10844 | D:7      | Gained mutation: Your mind is acute. (Int +2) [potion of
                  | mutation]
 10844 | D:7      | Gained mutation: You have a pair of small horns on your
                  | head. [potion of mutation]
 11177 | D:7      | Killed Harold
 11177 | D:7      | Reached skill level 5 in Invocations
 11354 | D:7      | Found a white marble altar of Elyvilon.
 11378 | D:7      | Identified the cursed +0 hand axe "Nesa Lysch" {flame, rC+
                  | rN+}
 11521 | D:7      | Reached skill level 10 in Dodging
 11581 | D:7      | Found a burning altar of Makhleb.
 11685 | D:7      | Found a bloodstained altar of Trog.
 11685 | D:7      | Noticed kae's ghost (novice DrTm)
 11691 | D:7      | Noticed a cyclops
 11702 | D:7      | Noticed a moth of wrath
 11804 | D:7      | Found a transporter.
 11806 | D:7      | Found a transporter.
 11929 | D:8      | Reached XP level 10. HP: 45/60 MP: 15/15
 12216 | D:8      | Found a transporter.
 12240 | D:8      | Found a transporter.
 12241 | D:8      | Noticed MisterFreud's ghost (novice GnVM)
 12337 | D:8      | Noticed Erica
 12340 | D:8      | Noticed Prince Ribbit
 12355 | D:8      | Killed Erica
 12364 | D:8      | Killed Prince Ribbit
 12885 | D:9      | Got an ancient spear
 12897 | D:9      | Identified the +8 spear "Mosazxair" {flame, *Slow Str+4
                  | Dex+4} (You found it on level 9 of the Dungeon)
 13023 | D:9      | Found a basalt altar of Yredelemnul.
 13082 | D:9      | Found a staircase to the Orcish Mines.
 13168 | D:9      | Noticed Erolcha
 13787 | D:10     | Entered Level 10 of the Dungeon
 13841 | D:10     | Reached ***** piety under Uskayaw
 14064 | D:10     | Noticed a cyclops
 14078 | D:10     | Killed a cyclops
 14392 | D:10     | Found a staircase to the Lair.
 14668 | D:10     | Reached XP level 11. HP: 66/66 MP: 18/18
 14826 | Lair:1   | Entered Level 1 of the Lair of Beasts
 15335 | Lair:1   | You fall into a shaft and drop 1 floor!
 16124 | Lair:2   | Found a staircase to the Shoals.
 16427 | Lair:2   | Reached skill level 10 in Short Blades
 16444 | Lair:2   | Reached skill level 1 in Shields
 16942 | Lair:2   | Found a staircase to the Snake Pit.
 17776 | Lair:3   | Noticed an oklob plant
 17787 | Lair:3   | Noticed a five-headed hydra
 17853 | Lair:3   | Noticed an oklob plant
 18083 | Lair:3   | Killed a one-headed hydra
 18083 | Lair:3   | Reached XP level 12. HP: 69/72 MP: 18/20
 18284 | D:5      | Reached skill level 1 in Armour
 18685 | Lair:3   | Noticed a six-headed hydra
 18844 | Lair:3   | Killed a one-headed hydra
 18892 | Lair:3   | Noticed a queen ant
 18962 | Lair:3   | Killed a queen ant
 19211 | Lair:3   | Reached ****** piety under Uskayaw
 19235 | Lair:3   | Found the +9 heavy crossbow "Sniper" {vorpal, Acc+∞ SInv}
 19244 | Lair:3   | LMAO
 20068 | Lair:3   | Reached skill level 1 in Crossbows
 20227 | Lair:3   | Reached skill level 2 in Crossbows
 20345 | Lair:3   | Noticed a dire elephant
 20346 | Lair:3   | Found the +2 shield of Resistance {rF+ rC+ MR+}
 20367 | Lair:3   | Found a runed translucent door.
 20619 | Lair:4   | Reached skill level 3 in Crossbows
 21031 | Lair:4   | Reached skill level 4 in Crossbows
 21039 | Lair:4   | Reached skill level 5 in Crossbows
 21212 | Lair:4   | Noticed Kirke
 21398 | Lair:4   | Reached skill level 6 in Crossbows
 21633 | Lair:4   | Noticed a sphinx
 21640 | Lair:4   | Killed Kirke
 21640 | Lair:4   | Reached skill level 7 in Crossbows
 22117 | Lair:5   | Noticed an eight-headed hydra
 22409 | Lair:5   | Reached XP level 13. HP: 77/77 MP: 21/21
 22421 | Lair:5   | Reached skill level 8 in Crossbows
 23621 | Lair:6   | Entered Level 6 of the Lair of Beasts
 23630 | Lair:6   | Reached skill level 9 in Crossbows
 24761 | Lair:6   | Reached skill level 10 in Crossbows
 25007 | Lair:6   | Found a staircase to the Slime Pits.
 25092 | Lair:6   | Found a viscous altar of Jiyva.
 25678 | Lair:6   | Found a large runed translucent door.
 25874 | Lair:6   | Reached skill level 11 in Crossbows
 25921 | Lair:6   | Found a large runed translucent door.
 25944 | Lair:6   | Noticed a fire dragon
 26712 | D:11     | Found a snail-covered altar of Cheibriados.
 27677 | D:12     | Reached XP level 14. HP: 71/84 MP: 22/22
 27717 | D:12     | Noticed Rupert
 27719 | D:12     | Paralysed by Rupert for 4 turns
 27827 | D:12     | You fall into a shaft and drop 1 floor!
 27829 | D:13     | Noticed an orc warlord
 28235 | D:13     | Reached skill level 12 in Crossbows
 28516 | D:13     | Killed an orc warlord
 28836 | D:13     | Found a roughly hewn altar of Beogh.
 29347 | D:13     | Reached skill level 10 in Fighting
 29446 | D:14     | Found a frozen archway.
 29525 | IceCv    | Entered an ice cave
 29617 | IceCv    | Got a distressingly furry scale mail
 29636 | IceCv    | Identified the +8 scale mail of Paefron {+Blink Str+6 Int-4
                  | Slay-3} (You found it in an ice cave)
 30066 | IceCv    | Got smoking ice dragon scales
 30078 | IceCv    | Identified the +0 ice dragon scales of Boecaj {rPois rF-
                  | rC++ rN+ SInv Stlth-} (You found it in an ice cave)
 30318 | D:14     | Found a snail-covered altar of Cheibriados.
 30328 | D:14     | Found a gate to the Vaults.
 30407 | D:14     | Identified the cursed +1 scimitar "Somom" {elec, +Fly
                  | Stlth+}
 30602 | D:14     | Noticed a frost giant
 30612 | D:14     | Killed a frost giant
 30612 | D:14     | Reached skill level 13 in Crossbows
 30923 | D:14     | Reached XP level 15. HP: 94/94 MP: 23/23
 31430 | D:15     | Entered Level 15 of the Dungeon
 32190 | D:15     | Reached skill level 14 in Crossbows
 32360 | D:15     | Found a gateway to a bazaar.
 32680 | D:15     | Reached skill level 10 in Invocations
 33276 | D:15     | Found a staircase to the Depths.
 33456 | Orc:1    | Entered Level 1 of the Orcish Mines
 33591 | Orc:1    | Noticed DogServant's ghost (journeyman SpAs)
 33595 | Orc:1    | Found a transporter.
 33599 | Orc:1    | Found a transporter.
 33599 | Orc:1    | Identified the cursed +0 great mace of Hexoceph {speed,
                  | *Rage rElec MR+ Str+3}
 33599 | Orc:1    | Identified the +3 great mace of the Big Fish {venom, rElec
                  | rF+}
 33845 | Orc:2    | Entered Level 2 of the Orcish Mines
 33875 | Orc:2    | Found Utucu's Antique Armour Shop.
 34017 | Orc:2    | Found a staircase to the Elven Halls.
 34034 | Orc:2    | Found Juef's Book Boutique.
 34043 | Orc:2    | Bought a book of the Earth for 910 gold pieces
 34075 | Orc:2    | Learned a level 6 spell: Statue Form
 34204 | Orc:2    | Found Iryik's General Store.
 34216 | Orc:2    | Bought a potion of haste for 130 gold pieces
 34312 | Orc:2    | Noticed an orc warlord
 34382 | Orc:1    | Killed an orc warlord
 34978 | Orc:2    | Found Citwere's Antique Weapon Shop.
 34986 | Orc:2    | Bought a runed hand crossbow for 208 gold pieces
 35355 | Orc:1    | Found a roughly hewn altar of Beogh.
 35696 | Snake:1  | Entered Level 1 of the Snake Pit
 36162 | Orc:2    | Bought a glowing rapier for 224 gold pieces
 36163 | Orc:2    | meh
 36750 | Snake:1  | Got a transparent robe
 36761 | Snake:1  | Identified the cursed +1 robe "Ihawn" {rF- rN+ Dex+3} (You
                  | found it on level 1 of the Snake Pit)
 36907 | Snake:1  | Found Liraq's Weapon Boutique.
 36911 | Snake:1  | Got a distressingly furry leather armour
 36929 | Snake:1  | Identified the +0 leather armour "Fory" {rPois rF- Str+7
                  | SInv} (You found it on level 1 of the Snake Pit)
 37323 | Snake:1  | Reached XP level 16. HP: 45/100 MP: 27/27
 38309 | Snake:2  | Noticed Jorgrun
 38731 | Snake:3  | Reached skill level 15 in Dodging
 39908 | Snake:3  | Reached skill level 15 in Crossbows
 40310 | Snake:4  | Entered Level 4 of the Snake Pit
 40346 | Snake:4  | WE GOT IT
 40371 | Snake:3  | Learned a level 4 spell: Leda's Liquefaction
 40377 | Snake:3  | Learned a level 5 spell: Borgnjor's Vile Clutch
 40389 | Snake:3  | Reached skill level 1 in Spellcasting
 40389 | Snake:3  | Reached skill level 1 in Earth Magic
 40403 | Snake:4  | Reached skill level 1 in Necromancy
 41917 | Snake:4  | Reached XP level 17. HP: 78/106 MP: 28/28
 42133 | Snake:4  | Reached skill level 5 in Spellcasting
 42516 | Snake:4  | Reached skill level 5 in Necromancy
 42559 | Snake:4  | Reached skill level 5 in Evocations
 42583 | Snake:4  | Reached skill level 5 in Earth Magic
 42819 | Snake:4  | fuck
 43438 | Snake:4  | Noticed Vashnia
 43948 | Snake:4  | Got a serpentine rune of Zot
 44361 | Elf:1    | Entered Level 1 of the Elven Halls
 45240 | Elf:1    | Noticed Louise
 45308 | Elf:1    | Killed Louise
 45428 | Elf:1    | Identified Koblesko's Volume of Companions
 45504 | Elf:1    | Found Ruiduoqnemi's Retail Resort.
 45555 | Elf:1    | Noticed Donald
 45667 | Elf:1    | Got a translucent mace
 45669 | Elf:1    | Found a radiant altar of Vehumet.
 45697 | Elf:1    | Killed Donald
 46172 | Elf:2    | Found a runed translucent door.
 46173 | Elf:2    | Found a shimmering altar of Xom.
 46173 | Elf:2    | Noticed Neulin's ghost (veteran TrFi)
 46256 | Elf:2    | Identified the +8 mace of Impatience {vorpal, rElec rC+ MR+
                  | Dex+4} (You found it on level 1 of the Elven Halls)
 46651 | Elf:2    | Reached XP level 18. HP: 107/112 MP: 25/33
 46752 | Elf:2    | Found a huge runed translucent gate.
 46752 | Elf:2    | Found a huge runed translucent gate.
 46762 | Elf:2    | Found a huge runed translucent gate.
 46894 | Elf:2    | Found a huge runed translucent gate.
 46894 | Elf:2    | Found a huge runed translucent gate.
 46941 | Elf:3    | Entered Level 3 of the Elven Halls
 46945 | Elf:3    | Reached skill level 16 in Crossbows
 47689 | Elf:3    | Cast into level 2 of the Abyss (a deep elf demonologist)
 48019 | Abyss:3  | HP: 4/89 [apocalypse crab (1)]
 48019 | Abyss:3  | Paralysed by an apocalypse crab for 6 turns
 48020 | Abyss:3  | Engulfed by a green draconian's poison gas

Levels and vault maps discovered:
D:1:      grunt_arrival_crossed_arrows, layout_loops_ring
D:2:      layout_basic, old_standard_altar,
          chequers_ecumenical_altar_simple_redux
D:3:      layout_rooms, lemuel_round_altar, eat_drink_and_be_merry_uskayaw,
          ebering_ghost_sewer_d, first_ration, minmay_starry_boxes
D:4:      layout_cave_pools, fedhas_ov_isle_minmay, lemuel_round_altar,
          lemuel_round_altar, grunt_dithmenos_smoke,
          cheibrodos_sewer_entry_bend, nemelex_dance_club_becter, uniq_sigmund
D:5:      layout_loops_corners, lemuel_round_altar, old_standard_altar,
          vehumet_statue, minmay_temple_entry_junction,
          minmay_manual_mandibuliform
D:6:      layout_loops_cross, doesnt_xom_only_xom, dk_vineyard_3,
          uniq_blork_the_orc, uniq_maggie, uniq_edmund
D:7:      layout_cave_pools, lemuel_doored_altar, lemuel_round_altar,
          gammafunk_ghost_wrathful_warriors, uniq_menkaure, uniq_harold
D:8:      layout_basic, gammafunk_ghost_stat_death, uniq_erica,
          uniq_prince_ribbit1
D:9:      layout_loops_ring, yredelemnul_altar_generic, orc_0_dummy,
          uniq_erolcha
D:10:     layout_loops_ring, david_lair_shrubbed, hangedman_fish_farm
D:11:     layout_loops_ring, basic_altar
D:12:     layout_big_octagon, uniq_rupert
D:13:     orc_temple, layout_rooms, minmay_quadrilaterals
D:14:     cheibrodos_monumental, layout_loops_ring, david_vaults_2,
          portal_ice_cave_entry_ice_beasts, kennysheep_pointless_box,
          cheibriados_altar_1
D:15:     hangedman_depths_entry_try_elsewhere_first, layout_small_grid,
          serial_shops, statue_bzr, serial_park_tiny_1, special_room
          [special_room_orc]
Lair:1:   layout_regular_city, beast_lair_carwin_10
Lair:2:   layout_regular_city, minmay_shoals_entry_lonely_mermaid,
          minmay_snake_entry_guardpost_medium, serial_bayou_shore_b,
          grunt_megastairs_5
Lair:3:   gammafunk_lair_enchanted_lake, layout_chaotic_city,
          minmay_another_anthill, minmay_lair_oklob_chamber
Lair:4:   layout_cave_pods, lemuel_fruit_tree, uniq_kirke
Lair:5:   layout_layer_cave, st_stairs_3, infiniplex_staircase_pool_2
Lair:6:   cheibrodos_lair_end_hotspot, layout_loops_ring, slime_altar_1,
          wad_woods_river_03
Snake:1:  layout_gridlike, serial_shops, nicolae_shop_trees
Snake:2:  layout_cave_shapes, serial_bayou_crossing, uniq_jorgrun
Snake:3:  layout_rooms, serial_bayou_shore_b
Snake:4:  johnstein_snake_rune_scales, layout_misc_corridors, special_room,
          hangedman_snake_corridor_cut
Orc:1:    layout_caves, basic_altar, gammafunk_ghost_smash
Orc:2:    grunt_orc_gardens, layout_diamond_mine, grunt_orc_garden,
          grunt_orc_garden, grunt_orc_garden, grunt_orc_garden
Elf:1:    elf_arrival_002, layout_loops_cross, basic_altar,
          minmay_elf_demonology, nicolae_alphabet_shops, nrook_uturn,
          serial_sigils_hangedman_confine, minivault_11, uniq_donald,
          uniq_louise
Elf:2:    layout_geoelf_diagonals, ebering_ghost_xom
Elf:3:    elf_hall_gauntlet_narrow, layout_geoelf_diagonals
Abyss:3:  base: Elf:2, evilmike_abyss_exit_glass, minivault_11,
          onia_ninara_dug_in_and_dangerous, nicolae_abyss_rune_star_stuff

Skill      XL: |  1  2  3  4  5  6  7  8  9 10 11 12 13 14 15 16 17 18 |
---------------+-------------------------------------------------------+-----
Fighting       | 2 3 4 5 7 8 11 12 | 12.0
Dodging        | 2 3 4 10 11 13 15 | 15.0
Stealth        | 4 5 8 |  8.0
Short Blades   | 1 3 5 7 10 | 10.0
Invocations    | 1 3 5 7 8 9 12 | 12.0
Shields        | 4 |  4.0
Armour         | 4 |  4.0
Crossbows      | 7 11 13 14 15 16 | 16.7
Spellcasting   | 4 9 |  9.0
Earth Magic    | 3 7 |  7.7
Necromancy     | 3 8 |  8.0
Evocations     | 3 6 |  6.0
Throwing       | |  1.0
Unarmed Combat | |  2.4
Transmutations | |  0.8

Action                   |  1- 3 |  4- 6 |  7- 9 | 10-12 | 13-15 | 16-18 || total
-------------------------+-------+-------+-------+-------+-------+-------++-------
Melee: Dagger            |   125 |   174 |   245 |       |       |       ||   544
       Short sword       |    45 |    34 |   226 |   419 |  1318 |    20 ||  2062
       Headbutt          |       |       |    25 |   181 |   392 |    77 ||   675
       Scimitar          |       |       |       |   409 |   352 |       ||   761
       Punch             |       |       |       |       |    19 |     4 ||    23
       Rapier            |       |       |       |       |       |   269 ||   269
 Fire: Heavy crossbow    |       |       |       |     1 |   342 |   600 ||   943
Throw: Stone             |    14 |     2 |     3 |       |       |       ||    19
       Javelin           |       |    10 |    12 |    13 |     2 |       ||    37
       Boomerang         |       |    11 |    12 |     9 |       |       ||    32
       Dart              |       |    26 |    25 |    33 |       |       ||    84
 Cast: Borgnjor's Vile C |       |       |       |       |       |    20 ||    20
       Leda's Liquefacti |       |       |       |       |       |     5 ||     5
Invok: Stomp             |       |     5 |     6 |    19 |    27 |     6 ||    63
       Line Pass         |       |       |     2 |     2 |     4 |       ||     8
       Grand Finale      |       |       |       |     1 |     2 |     2 ||     5
Evoke: Lightning rod     |       |       |       |       |    10 |     5 ||    15
       Wand              |       |       |       |       |     2 |    12 ||    14
  Use: Scroll            |     2 |     1 |     8 |     5 |    16 |    10 ||    42
       Potion            |     1 |     1 |     5 |     1 |     4 |     7 ||    19
 Stab: Sleeping          |     7 |     8 |     5 |    30 |    13 |       ||    63
       Distracted        |     1 |       |     1 |       |     1 |       ||     3
       Confused          |       |       |     1 |     1 |     1 |       ||     3
       Paralysed         |       |       |     5 |    40 |    80 |    24 ||   149
       Invisible         |       |       |       |       |       |     1 ||     1
  Eat: Chunk             |     6 |     9 |     9 |    31 |    32 |    17 ||   104
       Ration            |     1 |     1 |     2 |     3 |     8 |     7 ||    22
Armor: Robe              |    12 |       |       |       |     1 |    25 ||    38
       Leather armour    |    34 |    27 |    30 |       |     3 |    49 ||   143
       Steam dragon scal |       |       |    32 |   109 |   180 |       ||   321
       Ring mail         |       |       |       |       |    15 |       ||    15
       Skin              |       |       |       |       |     1 |       ||     1
       Acid dragon scale |       |       |       |       |    31 |       ||    31
Dodge: Dodged            |    96 |    98 |   196 |   693 |  1394 |   704 ||  3181
       Repelled          |       |       |       |       |    34 |   105 ||   139
Block: Buckler           |    28 |    25 |    46 |   151 |    66 |       ||   316
       Rpst.: Scimitar   |       |       |       |   128 |   107 |       ||   235

Table legend:
 A = Non-vault XP
 B = Vault XP
 C = Vault XP percentage of total XP
 D = Non-vault monster count
 E = Vault monster count
 F = Vault count percentage of total count
                 A         B        C        D         E       F
            +---------+---------+-------+---------+---------+-------
      Total |  194771 |  121818 |  38.5 |     691 |     320 |  31.7
            +---------+---------+-------+---------+---------+-------
        D:1 |      32 |       0 |   0.0 |      21 |       0 |   0.0
        D:2 |      58 |       0 |   0.0 |      19 |       0 |   0.0
        D:3 |     120 |       9 |   7.0 |      18 |       5 |  21.7
        D:4 |     218 |      20 |   8.4 |      10 |       4 |  28.6
        D:5 |     887 |     455 |  33.9 |      25 |       5 |  16.7
        D:6 |    1262 |     684 |  35.1 |      24 |       3 |  11.1
        D:7 |     807 |     960 |  54.3 |      16 |       1 |   5.9
        D:8 |     848 |    1227 |  59.1 |      15 |       2 |  11.8
        D:9 |    1740 |       0 |   0.0 |      15 |       0 |   0.0
       D:10 |    2927 |    1035 |  26.1 |      22 |       3 |  12.0
       D:11 |    3118 |       0 |   0.0 |      21 |       0 |   0.0
       D:12 |    4779 |     136 |   2.8 |      38 |       1 |   2.6
       D:13 |    6068 |    8117 |  57.2 |      34 |      33 |  49.3
       D:14 |   15562 |   12973 |  45.5 |      39 |      27 |  40.9
       D:15 |   16051 |    3902 |  19.6 |      39 |      28 |  41.8
     Lair:1 |    1978 |     839 |  29.8 |      10 |       9 |  47.4
     Lair:2 |    2400 |    1479 |  38.1 |      13 |       7 |  35.0
     Lair:3 |    4225 |    4602 |  52.1 |      15 |      28 |  65.1
     Lair:4 |    5048 |    3040 |  37.6 |      27 |       6 |  18.2
     Lair:5 |    5170 |     495 |   8.7 |      15 |       2 |  11.8
     Lair:6 |    7424 |    7426 |  50.0 |      24 |      27 |  52.9
    Snake:1 |    8578 |       0 |   0.0 |      20 |       0 |   0.0
    Snake:2 |   15973 |       0 |   0.0 |      26 |       0 |   0.0
    Snake:3 |   23114 |    2593 |  10.1 |      45 |       7 |  13.5
    Snake:4 |   11577 |   45924 |  79.9 |      27 |      69 |  71.9
      Orc:1 |    2642 |    2451 |  48.1 |      20 |       2 |   9.1
      Orc:2 |    1786 |   10626 |  85.6 |      10 |      29 |  74.4
      Elf:1 |   10155 |    7869 |  43.7 |      18 |       9 |  33.3
      Elf:2 |   17133 |    1799 |   9.5 |      29 |       2 |   6.5
      Elf:3 |   15592 |       0 |   0.0 |      24 |       0 |   0.0
    Abyss:3 |    7499 |       0 |   0.0 |      12 |       0 |   0.0
      IceCv |       0 |    3157 | 100.0 |       0 |      11 | 100.0
            +---------+---------+-------+---------+---------+-------
